PL
BUCKHEAD BOWTIES @ PHILADELPHIA 1776 BC
07/30/2034
 
TOP OF THE 1ST
Buckhead Bowties batting - Pitching for Philadelphia 1776 BC : RHP NaNomi Lojore
Pitching: RHP NaNomi Lojore
Batting: LHB José Valéncia 0-0: Foul Ball, location: 2F
0-1: Ball
1-1: Fly out, F9 (Flyball, 89M)
Batting: LHB Shunso Kiyomizu 0-0: Ball
1-0: Bunt missed!
1-1: Ground out 4-3 (Groundball, 4M)
Batting: RHB Richard Jost 0-0: Foul Ball, location: 2F
0-1: Ball
1-1: Called Strike
1-2: Ball
2-2: SINGLE (Line Drive, 8RS)
Batting: RHB Derek Bangert 0-0: Ball
1-0: Foul Ball, location: 2F
1-1: Foul Ball, location: 2F
1-2: SINGLE (Groundball, 6MD)
Richard Jost to second
Runner from 2nd tries for 3rd, SAFE, no throw
Batting: RHB Daniel McCoy 0-0: Called Strike
0-1: Foul Ball, location: 2F
0-2: Ball
1-2: Strikes out swinging
Top of the 1st over - 0 runs, 2 hits, 0 errors, 2 left on base; Buckhead 0 - Philadelphia 1776 0
BOTTOM OF THE 1ST
Philadelphia 1776 BC batting - Pitching for Buckhead Bowties : RHP Octavius Pringle
Pitching: RHP Octavius Pringle
Batting: LHB Kelvin Abbott 0-0: Ball
1-0: Fly out, F9 (Flyball, 9)
Batting: RHB Mario Castillo 0-0: Ball
1-0: Foul Ball, location: 2F
1-1: Ball
2-1: Ground out 1-3 (Groundball, 13)
Batting: RHB Karl Blanke 0-0: Swinging Strike
0-1: Called Strike
0-2: Ball
1-2: Ball
2-2: Foul Ball, location: 2F
2-2: Strikes out swinging
Bottom of the 1st over - 0 runs, 0 hits, 0 errors, 0 left on base; Buckhead 0 - Philadelphia 1776 0
TOP OF THE 2ND
Buckhead Bowties batting - Pitching for Philadelphia 1776 BC : RHP NaNomi Lojore
Batting: RHB David Edwards 0-0: Called Strike
0-1: Ball
1-1: Ball
2-1: Called Strike
2-2: Foul Ball, location: 2F
2-2: Strikes out swinging, 2-3 out at first.
Batting: LHB Edwin Church 0-0: Ball
1-0: Ball
2-0: Swinging Strike
2-1: Ground out 1-3 (Groundball, 13S)
Batting: RHB Emílio Agramónte 0-0: Swinging Strike
0-1: Ball
1-1: Swinging Strike
1-2: Ball
2-2: Foul Ball, location: 2F
2-2: Strikes out swinging
Top of the 2nd over - 0 runs, 0 hits, 0 errors, 0 left on base; Buckhead 0 - Philadelphia 1776 0
BOTTOM OF THE 2ND
Philadelphia 1776 BC batting - Pitching for Buckhead Bowties : RHP Octavius Pringle
Batting: LHB Manoo Satyavrat 0-0: Ball
1-0: Foul Ball, location: 2F
1-1: Called Strike
1-2: Ball
2-2: Strikes out looking
Batting: RHB Eddie Sachs 0-0: Ball
1-0: Foul Ball, location: 2F
1-1: Ground out 5-3 (Groundball, 56D)
Batting: LHB Jake Grant 0-0: Ball
1-0: Ball
2-0: Ball
3-0: Base on Balls
Batting: RHB Phil Moore 0-0: Ball
Jake Grant is caught stealing 2nd base
Bottom of the 2nd over - 0 runs, 0 hits, 0 errors, 0 left on base; Buckhead 0 - Philadelphia 1776 0
TOP OF THE 3RD
Buckhead Bowties batting - Pitching for Philadelphia 1776 BC : RHP NaNomi Lojore
Batting: RHB Raúl Ruíz 0-0: Foul Ball, location: 2F
0-1: Ball
1-1: Called Strike
1-2: Ball
2-2: Ball
3-2: Foul Ball, location: 2F
3-2: Strikes out looking
Batting: LHB José Valéncia 0-0: Ball
1-0: Fly out, F8 (Flyball, 89D)
Batting: LHB Shunso Kiyomizu 0-0: Called Strike
0-1: Ball
1-1: Ground out 4-3 (Groundball, 4S)
Top of the 3rd over - 0 runs, 0 hits, 0 errors, 0 left on base; Buckhead 0 - Philadelphia 1776 0
BOTTOM OF THE 3RD
Philadelphia 1776 BC batting - Pitching for Buckhead Bowties : RHP Octavius Pringle
Batting: RHB Phil Moore 0-0: Called Strike
0-1: Ball
1-1: Foul Ball, location: 2F
1-2: Ground out 6-3 (Groundball, 6)
Batting: LHB Hai-feng Tang 0-0: DOUBLE (Flyball, 8LXD)
Batting: RHB Kevin Malone 0-0: Called Strike
0-1: Ball
1-1: DOUBLE (Line Drive, 78D)
Hai-feng Tang scores
Batting: LHB Kelvin Abbott 0-0: Called Strike
0-1: Fly out, F8 (Flyball, 89D)
Runner from 2nd tags up, SAFE at 3rd with throw
Batting: RHB Mario Castillo 0-0: Swinging Strike
0-1: Foul Ball, location: 2F
0-2: Strikes out swinging
Bottom of the 3rd over - 1 run, 2 hits, 0 errors, 1 left on base; Buckhead 0 - Philadelphia 1776 1
TOP OF THE 4TH
Buckhead Bowties batting - Pitching for Philadelphia 1776 BC : RHP NaNomi Lojore
Batting: RHB Richard Jost 0-0: Ball
1-0: Ball
2-0: Ground out 5-3 (Groundball, 5L)
Batting: RHB Derek Bangert 0-0: Ball
1-0: Swinging Strike
1-1: Ball
2-1: Ball
3-1: Foul Ball, location: 2F
3-2: Foul Ball, location: 2F
3-2: Fly out, F7 (Flyball, 7LDF)
Batting: RHB Daniel McCoy 0-0: Called Strike
0-1: Ground out 5-3 (Groundball, 5)
Top of the 4th over - 0 runs, 0 hits, 0 errors, 0 left on base; Buckhead 0 - Philadelphia 1776 1
BOTTOM OF THE 4TH
Philadelphia 1776 BC batting - Pitching for Buckhead Bowties : RHP Octavius Pringle
Batting: RHB Karl Blanke 0-0: Called Strike
0-1: Foul Ball, location: 2F
0-2: Foul Ball, location: 2F
0-2: Strikes out looking
Batting: LHB Manoo Satyavrat 0-0: Ball
1-0: Ball
2-0: Ground out 3-1 (Groundball, 34S)
Batting: RHB Eddie Sachs 0-0: Swinging Strike
0-1: Ball
1-1: Fly out, F1 (Line Drive, 15)
Bottom of the 4th over - 0 runs, 0 hits, 0 errors, 0 left on base; Buckhead 0 - Philadelphia 1776 1
TOP OF THE 5TH
Buckhead Bowties batting - Pitching for Philadelphia 1776 BC : RHP NaNomi Lojore
Batting: RHB David Edwards 0-0: Ball
1-0: Ball
2-0: Foul Ball, location: 2F
2-1: Foul Ball, location: 2F
2-2: Fly out, F8 (Flyball, 78XD)
Batting: LHB Edwin Church 0-0: Swinging Strike
0-1: Foul Ball, location: 2F
0-2: Foul Ball, location: 2F
0-2: Ground out 4-3 (Groundball, 4M)
Batting: RHB Emílio Agramónte 0-0: Ball
1-0: Called Strike
1-1: Ball
2-1: Swinging Strike
2-2: Ball
3-2: Fly out, F6 (Popup, 6MS)
Top of the 5th over - 0 runs, 0 hits, 0 errors, 0 left on base; Buckhead 0 - Philadelphia 1776 1
BOTTOM OF THE 5TH
Philadelphia 1776 BC batting - Pitching for Buckhead Bowties : RHP Octavius Pringle
Batting: LHB Jake Grant 0-0: SINGLE (Line Drive, 3D)
Batting: RHB Phil Moore 0-0: Sac Bunt - play at first, batter OUT! 5-3
Jake Grant to second
Batting: LHB Hai-feng Tang 0-0: Ball
1-0: Fly out, F9 (Flyball, 9LDF)
Runner from 2nd tags up, SAFE at 3rd, no throw
Batting: RHB Kevin Malone 0-0: Ball
1-0: Ball
2-0: Called Strike
2-1: Fly out, F7 (Flyball, 7)
Bottom of the 5th over - 0 runs, 1 hit, 0 errors, 1 left on base; Buckhead 0 - Philadelphia 1776 1
TOP OF THE 6TH
Buckhead Bowties batting - Pitching for Philadelphia 1776 BC : RHP NaNomi Lojore
Batting: RHB Raúl Ruíz 0-0: Swinging Strike
0-1: Foul Ball, location: 2F
0-2: Strikes out looking
Batting: LHB José Valéncia 0-0: DOUBLE (Flyball, 78D)
Batting: LHB Shunso Kiyomizu 0-0: Ball
1-0: Ball
2-0: Ground out 6-3 (Groundball, 56)
Batting: RHB Richard Jost 0-0: Ball
1-0: Fly out, F7 (Flyball, 7LS)
Top of the 6th over - 0 runs, 1 hit, 0 errors, 1 left on base; Buckhead 0 - Philadelphia 1776 1
BOTTOM OF THE 6TH
Philadelphia 1776 BC batting - Pitching for Buckhead Bowties : RHP Octavius Pringle
Batting: LHB Kelvin Abbott 0-0: Ball
1-0: Ground out 4-3 (Groundball, 4S)
Batting: RHB Mario Castillo 0-0: Called Strike
0-1: Ground out 5-3 (Groundball, 56)
Batting: RHB Karl Blanke 0-0: Called Strike
0-1: Foul Ball, location: 2F
0-2: Ball
1-2: Ball
2-2: Ball
3-2: SINGLE (Line Drive, 56D)
Batting: LHB Manoo Satyavrat 0-0: Called Strike
0-1: Ball
1-1: Foul Ball, location: 2F
1-2: Ball
2-2: Ball
3-2: Strikes out swinging
Bottom of the 6th over - 0 runs, 1 hit, 0 errors, 1 left on base; Buckhead 0 - Philadelphia 1776 1
TOP OF THE 7TH
Buckhead Bowties batting - Pitching for Philadelphia 1776 BC : RHP NaNomi Lojore
Batting: RHB Derek Bangert 0-0: Called Strike
0-1: Foul Ball, location: 2F
0-2: Ball
1-2: Strikes out looking
Batting: RHB Daniel McCoy 0-0: Ball
1-0: Ball
2-0: Ball
3-0: Base on Balls
Batting: RHB David Edwards 0-0: Called Strike
0-1: Ball
1-1: Ground out 4-3 (Groundball, 34)
Daniel McCoy to second
Batting: LHB Edwin Church 0-0: 2-RUN HOME RUN (Flyball, 9LD), Distance : 360 ft
Batting: RHB Emílio Agramónte 0-0: Ball
1-0: Fly out, F5 (Line Drive, 5)
Top of the 7th over - 2 runs, 1 hit, 0 errors, 0 left on base; Buckhead 2 - Philadelphia 1776 1
BOTTOM OF THE 7TH
Philadelphia 1776 BC batting - Pitching for Buckhead Bowties : RHP Octavius Pringle
Batting: RHB Eddie Sachs 0-0: Fly out, F5 (Popup, 5L)
Batting: LHB Jake Grant 0-0: Foul Ball, location: 2F
0-1: Ground out 4-3 (Groundball, 4)
Batting: RHB Phil Moore 0-0: Foul Ball, location: 2F
0-1: Ball
1-1: Called Strike
1-2: Foul Ball, location: 2F
1-2: Foul Ball, location: 2F
1-2: Ball
2-2: SINGLE (Line Drive, 9S)
Batting: LHB Hai-feng Tang 0-0: Swinging Strike
0-1: Swinging Strike
0-2: SINGLE (Groundball, 34D)
Phil Moore to second
Runner from 2nd tries for 3rd, SAFE, no throw
Batting: RHB Kevin Malone 0-0: Called Strike
0-1: Ball
1-1: Ball
2-1: Foul Ball, location: 2F
2-2: Ball
3-2: Foul Ball, location: 2F
3-2: Base on Balls
Hai-feng Tang to second
Batting: LHB Kelvin Abbott 0-0: Ball
1-0: Ball
2-0: Swinging Strike
2-1: Called Strike
2-2: Fly out, F7 (Flyball, 78D)
Bottom of the 7th over - 0 runs, 2 hits, 0 errors, 3 left on base; Buckhead 2 - Philadelphia 1776 1
TOP OF THE 8TH
Buckhead Bowties batting - Pitching for Philadelphia 1776 BC : RHP NaNomi Lojore
Batting: RHB Raúl Ruíz 0-0: Called Strike
0-1: Ball
1-1: Ball
2-1: Foul Ball, location: 2F
2-2: Ground out 5-3 (Groundball, 56)
Batting: LHB José Valéncia 0-0: Ball
1-0: Ball
2-0: Swinging Strike
2-1: Foul Ball, location: 2F
2-2: Ball
3-2: Strikes out swinging
Batting: LHB Shunso Kiyomizu 0-0: Ball
1-0: Called Strike
1-1: Foul Ball, location: 2F
1-2: Foul Ball, location: 2F
1-2: Ground out 1-3 (Groundball, 15S)
Top of the 8th over - 0 runs, 0 hits, 0 errors, 0 left on base; Buckhead 2 - Philadelphia 1776 1
BOTTOM OF THE 8TH
Philadelphia 1776 BC batting - Pitching for Buckhead Bowties : RHP Octavius Pringle
Batting: RHB Mario Castillo 0-0: Ball
1-0: Called Strike
1-1: Ball
2-1: Fly out, F4 (Line Drive, 4)
Batting: RHB Karl Blanke 0-0: Called Strike
0-1: Foul Ball, location: 2F
0-2: Foul Ball, location: 2F
0-2: Ball
1-2: Ball
2-2: Foul Ball, location: 2F
2-2: Foul Ball, location: 2F
2-2: Ball
3-2: SINGLE (Line Drive, 56)
Pitching: RHP Yoshii Ikeda
Batting: LHB Manoo Satyavrat 0-0: Ball
1-0: Foul Ball, location: 2F
1-1: Ball
2-1: DOUBLE (Groundball, 5L)
Karl Blanke to third
Batting: RHB Eddie Sachs 0-0: Called Strike
0-1: Foul Ball, location: 2F
0-2: Ball
1-2: SINGLE (Groundball, 56)
Karl Blanke scores
Manoo Satyavrat to third
Runner from 3rd tries for Home, SAFE, no throw
Batting: LHB Jake Grant 0-0: Ball
1-0: Grounds into double play, 4-6-3 (Groundball, 4)
Bottom of the 8th over - 2 runs, 3 hits, 0 errors, 0 left on base; Buckhead 2 - Philadelphia 1776 3
TOP OF THE 9TH
Buckhead Bowties batting - Pitching for Philadelphia 1776 BC : RHP NaNomi Lojore
Pitching: RHP Tony Solíz
Batting: RHB Richard Jost 0-0: Called Strike
0-1: Ball
1-1: Foul Ball, location: 2F
1-2: Foul Ball, location: 2F
1-2: Ball
2-2: Ball
3-2: Base on Balls
Batting: RHB Derek Bangert 0-0: Ball
1-0: Called Strike
1-1: Ball
2-1: Swinging Strike
2-2: Fly out, F8 (Flyball, 89D)
Batting: RHB Daniel McCoy 0-0: Called Strike
0-1: Ball
1-1: Swinging Strike
1-2: Fly out, F8 (Flyball, 8LM)
Pitching: RHP Goodluck Obasanjo
Batting: RHB David Edwards 0-0: Ball
1-0: Ball
2-0: Ball
3-0: Base on Balls
Richard Jost to second
Batting: LHB Edwin Church 0-0: Ball
1-0: Called Strike
1-1: Called Strike
1-2: Ball
2-2: Ball
3-2: Strikes out looking
Top of the 9th over - 0 runs, 0 hits, 0 errors, 2 left on base; Buckhead 2 - Philadelphia 1776 3
Friday, March 29th, 2019 - OOTP Baseball 18.8 Build 76